[Event "36th European Club Cup 2021"]
[Site "Struga"]
[Date "2021.09.23"]
[Round "6.23"]
[White "Miljkovic, Miroslav D"]
[Black "Sadikhov, Ulvi"]
[Result "1/2-1/2"]
[ECO "A21"]
[WhiteElo "2470"]
[BlackElo "2509"]
[Annotator "ChessBase"]
[PlyCount "60"]
[EventDate "2021.09.18"]
[EventType "team-tourn"]
[EventCountry "MKD"]
[SourceTitle "playchess.com"]
[Source "ChessBase"]
[SourceQuality "1"]
[TimeControl "40/5400+30:1800+30"]

1. d4 d6 2. c4 e5 3. Nc3 exd4 4. Qxd4 Nc6 5. Qd2 Nf6 6. b3 g6 7. Bb2 Bg7 8. g3 O-O 9. Bg2 Re8 10. Nf3 Bf5 11. O-O Ne4 12. Nxe4 Bxe4 13. Rfd1 a5 14. a3 Qe7 15. Rac1 Rad8 16. Bxg7 Kxg7 17. b4 axb4 18. axb4 Qf6 19. b5 Ne5 20. Nxe5 Qxe5 21. Bxe4 Qxe4 22. b6 Qxe2 23. Qxe2 Rxe2 24. bxc7 Rc8 25. Rxd6 Rxc7 26. Rb6 Re4 27. Kg2 Rexc4 28. Rxc4 Rxc4 29. Rxb7 h5 30. h4 Rc6 1/2-1/2

[Event "36th European Club Cup 2021"]
[Site "Struga"]
[Date "2021.09.23"]
[Round "6.24"]
[White "Ahmadzada, Ahmad"]
[Black "Stankovic, Milos"]
[Result "1-0"]
[ECO "B13"]
[WhiteElo "2462"]
[BlackElo "2409"]
[Annotator "ChessBase"]
[PlyCount "61"]
[EventDate "2021.09.18"]
[EventType "team-tourn"]
[EventCountry "MKD"]
[SourceTitle "playchess.com"]
[Source "ChessBase"]
[SourceQuality "1"]
[TimeControl "40/5400+30:1800+30"]

1. e4 c6 2. d4 d5 3. exd5 cxd5 4. Bd3 Nf6 5. h3 g6 6. Nf3 Nc6 7. O-O Bg7 8. c3 O-O 9. Qc2 Qc7 10. Be3 Nh5 11. Qc1 e5 12. dxe5 Nxe5 13.
Nxe5 Bxe5 14. Re1 Nf4 15. Bf1 Bf5 16. Nd2 Bd6 17. Nf3 Be4 18.
Ng5 Rad8 19. Nxe4 dxe4 20. Qc2 Rfe8 21. Rad1 b6 22. Bd4 Qe7 23. g3 Nh5 24. Bb5 Qe6 25. Bxe8 Rxe8 26. Kg2 Qxa2 27. Rxe4 Qd5 28. f3 Rc8 29. Be5 Qxe5 30. Rxe5 Bxe5 31. f4 1-0

[Event "36th European Club Cup 2021"]
[Site "Struga"]
[Date "2021.09.23"]
[Round "6.27"]
[White "Zvjaginsev, Vadim"]
[Black "Mikhalchishin, Adrian"]
[Result "1-0"]
[ECO "C45"]
[WhiteElo "2603"]
[BlackElo "2455"]
[Annotator "ChessBase"]
[PlyCount "77"]
[EventDate "2021.09.18"]
[EventType "team-tourn"]
[EventCountry "MKD"]
[SourceTitle "playchess.com"]
[Source "ChessBase"]
[SourceQuality "1"]
[TimeControl "40/5400+30:1800+30"]

1. e4 e5 2. Nf3 Nc6 3. d4 exd4 4. Nxd4 Qf6 5. Nxc6 dxc6 6.
Nc3 Bd6 7. Be3 Qg6 8. Qd2 f5 9. Bf4 fxe4 10. Bxd6 cxd6 11. O-O-O d5 12. Nxd5 Qd6 13. Nc3 Qxd2+ 14. Rxd2 Nf6 15. Bc4 Bf5 16. Re1 Kf8 17. a4 g6 18. Nd1 Re8 19. Ne3 Kg7 20. h3 h5 21. b4 h4 22. Kb2 Bc8 23. b5 Bd7 24. Be2 Re7 25. c4 c5 26. Kc3 Rf8 27. Bd1 Ref7 28. a5 Bc8 29. Bc2 Bf5 30.
Red1 Re7 31. Rd6 Bc8 32. R1d2 Rd7 33. Rxd7+ Bxd7 34. Rd6 Bf5 35. b6 axb6 36. Rxb6 Rf7 37. Nd5 Ne8 38. Kd2 Rd7 39. Ba4 1-0

[Event "36th European Club Cup 2021"]
[Site "Struga"]
[Date "2021.09.23"]
[Round "6.29"]
[White "Alekseev, Evgeny"]
[Black "Buzeti, Jernej"]
[Result "1/2-1/2"]
[ECO "B74"]
[WhiteElo "2610"]
[BlackElo "2236"]
[Annotator "ChessBase"]
[PlyCount "83"]
[EventDate "2021.09.18"]
[EventType "team-tourn"]
[EventCountry "MKD"]
[SourceTitle "playchess.com"]
[Source "ChessBase"]
[SourceQuality "1"]
[TimeControl "40/5400+30:1800+30"]

1. e4 c5 2. Nf3 d6 3. d4 cxd4 4. Nxd4 Nf6 5. Nc3 g6 6. Be2 Bg7 7. Nb3 Nc6 8. Be3 O-O 9. O-O a6 10. a4 Be6 11. f4 Na5 12. e5 Ne8 13.
Nd4 Bc4 14. Nf3 Rc8 15. Bf2 Bxe2 16. Qxe2 Nc4 17. Bd4 e6 18. b3 Na5 19. Ne4 Nc6 20. Bb2 Nb4 21. c4 d5 22. Rad1 Qe7 23.
cxd5 Nxd5 24. g3 Nec7 25. Nd6 Rb8 26. Rc1 Rfd8 27. Ng5 Rf8 28.
Ba3 Qd7 29. Nge4 b6 30. Rc2 b5 31. Nc5 Qd8 32. Rfc1 h5 33.
Qe4 Qe7 34. Kg2 b4 35. Bb2 Rfd8 36. Ncb7 Rf8 37. Na5 Qd7 38. Bd4 Ra8 39. Rc6 Rfb8 40. Qf3 Ne8 41. Nxe8 Qxe8 42. R6c2 1/2-1/2

[Event "36th European Club Cup 2021"]
[Site "Struga"]
[Date "2021.09.23"]
[Round "6.30"]
[White "Bratkovic, Sham"]
[Black "Kornev, Alexei"]
[Result "0-1"]
[ECO "E51"]
[WhiteElo "2213"]
[BlackElo "2500"]
[Annotator "ChessBase"]
[PlyCount "94"]
[EventDate "2021.09.18"]
[EventType "team-tourn"]
[EventCountry "MKD"]
[SourceTitle "playchess.com"]
[Source "ChessBase"]
[SourceQuality "1"]
[TimeControl "40/5400+30:1800+30"]

1. d4 Nf6 2. c4 e6 3. Nc3 Bb4 4. e3 O-O 5. Bd3 d5 6. Nf3 dxc4 7. Bxc4 b6 8.
O-O Bb7 9. Ne5 c5 10. Ne2 cxd4 11. exd4 Nc6 12. Nxc6 Bxc6 13. Bg5 b5 14. Bb3 h6 15. Bh4 Be7 16. Rc1 Rc8 17. Qd3 Qb6 18. Qh3 Bb7 19. Bg3 Bd5 20. Be5 Bc4 21. Bxc4 bxc4 22. b3 cxb3 23. axb3 Nd5 24. Qg4 Bf6 25. Qf3 Bg5 26. Rc4 Rfd8 27. h3 Qb5 28. Ra4 a6 29. Qe4 Rc6 30. Rfa1 Rdc8 31. Ra5 Qb7 32. f4 Bd8 33. Rc5 f6 34. f5 fxe5 35. fxe6 Rxc5 36. dxc5 Qxb3 37. Rxa6 Qe3+ 38. Qxe3 Nxe3 39. Nc3 Kf8 40. Ne4 Be7 41. Nd6 Rb8 42. Ra3 Nd5 43. Rd3 Nc7 44. Rf3+ Kg8 45. Rf7 Bxd6 46. cxd6 Nxe6 47. Re7 Nf8 0-1

[Event "36th European Club Cup 2021"]
[Site "Struga"]
[Date "2021.09.23"]
[Round "6.31"]
[White "Kjartansson, Gudmundur"]
[Black "Mikhalevski, Victor"]
[Result "1/2-1/2"]
[ECO "A16"]
[WhiteElo "2447"]
[BlackElo "2573"]
[Annotator "ChessBase"]
[PlyCount "80"]
[EventDate "2021.09.18"]
[EventType "team-tourn"]
[EventCountry "MKD"]
[SourceTitle "playchess.com"]
[Source "ChessBase"]
[SourceQuality "1"]
[TimeControl "40/5400+30:1800+30"]

1. Nf3 Nf6 2. c4 g6 3. Nc3 d5 4. cxd5 Nxd5 5. h4 Nxc3 6.
bxc3 c5 7. h5 Bg7 8. d4 Nc6 9. hxg6 hxg6 10. Rxh8+ Bxh8 11. e3 Qa5 12. Bd2 Qc7 13. Bc4 Na5 14. Bb5+ Bd7 15. Qa4 Rd8 16. Bxd7+ Rxd7 17. Rb1 b6 18. c4 cxd4 19. Bxa5 bxa5 20. exd4 Kf8 21. Rd1 Rd8 22. Kf1 Bf6 23. Kg1 g5 24. g3 g4 25. Ne5 Bxe5 26. dxe5 Rxd1+ 27. Qxd1 Qxc4 28. Qd8+ Kg7 29. Qxe7 Qc1+ 30. Kh2 Qh6+ 31. Kg1 Qc1+ 32. Kh2 Qh6+ 33. Kg1 Qg6 34. Qxa7 Qb1+ 35. Kh2 Qxa2 36. e6 Qxe6 37. Qxa5 Qh6+ 38. Kg1 Qc1+ 39. Kh2 Qh6+ 40. Kg1 Qc1+ 1/2-1/2

[Event "36th European Club Cup 2021"]
[Site "Struga"]
[Date "2021.09.23"]
[Round "6.33"]
[White "Petursson, Margeir"]
[Black "Roiz, Michael"]
[Result "0-1"]
[ECO "A34"]
[WhiteElo "2442"]
[BlackElo "2580"]
[Annotator "ChessBase"]
[PlyCount "140"]
[EventDate "2021.09.18"]
[EventType "team-tourn"]
[EventCountry "MKD"]
[SourceTitle "playchess.com"]
[Source "ChessBase"]
[SourceQuality "1"]
[TimeControl "40/5400+30:1800+30"]

1. c4 c5 2. Nf3 Nf6 3. Nc3 Nc6 4. g3 d5 5. cxd5 Nxd5 6. Bg2 Nc7 7. d3 e5 8. Nd2 Be7 9. Nc4 f6 10. a4 Be6 11. a5 Qd7 12. Qa4 Rc8 13.
O-O O-O 14. Bd2 Rfd8 15. Rfc1 Na6 16. Qb5 Rc7 17. Be3 Bf8 18. Qa4 Rcc8 19. Qb5 Rc7 20. Qa4 Nab4 21. Nd2 Rcc8 22. Qb5 Na6 23. Nc4 Qf7 24. Nd2 Rc7 25. Qa4 Rcc8 26. Qb5 Rd7 27. Qa4 Nd4 28. Bxd4 exd4 29. Nb5 Ra8 30. Na3 Re8 31. Re1 Bd5 32. Bxd5 Rxd5 33. Qb3 Nb4 34. Nc2 Nc6 35. Nf3 g6 36. Na3 Nxa5 37. Qa2 Rd7 38. Nd2 Qxa2 39. Rxa2 Nc6 40. Kf1 Kf7 41. Ndc4 Nb4 42. Raa1 Re6 43. Nd2 b6 44. h4 Ke8 45. Nf3 Bd6 46. Rac1 Bf8 47. Rc4 Kd8 48. Ra1 Nc6 49. Nb5 a5 50. Rcc1 Bh6 51. Rc4 Kc8 52. g4 Bf8 53. g5 Be7 54. gxf6 Bxf6 55. Rc2 Rde7 56. Na3 Kb7 57. Nc4 Nb4 58. Rd2 Nd5 59. Re1 Re8 60. Rdd1 Bd8 61. Ncd2 h6 62. Rc1 Rf8 63. Ne4 Be7 64. Kg2 Kb8 65. Kg3 Bd8 66. e3 dxe3 67. fxe3 Nb4 68. Rcd1 Nxd3 69. Rxd3 Rxe4 70. Red1 Bc7+ 0-1

[Event "36th European Club Cup 2021"]
[Site "Struga"]
[Date "2021.09.23"]
[Round "6.34"]
[White "Postny, Evgeny"]
[Black "Johannesson, Ingvar Thor"]
[Result "1-0"]
[ECO "D31"]
[WhiteElo "2564"]
[BlackElo "2346"]
[Annotator "ChessBase"]
[PlyCount "85"]
[EventDate "2021.09.18"]
[EventType "team-tourn"]
[EventCountry "MKD"]
[SourceTitle "playchess.com"]
[Source "ChessBase"]
[SourceQuality "1"]
[TimeControl "40/5400+30:1800+30"]

1. d4 e6 2. c4 d5 3. Nf3 a6 4. cxd5 exd5 5. Nc3 h6 6. Bf4 Nf6 7. e3 Bd6 8. Bd3 O-O 9. Ne5 Nbd7 10. Bg3 Qe7 11. f4 b6 12. Qf3 Bb7 13.
Bh4 Qe8 14. O-O Bb4 15. Rac1 Bxc3 16. Rxc3 c5 17. Bf5 Nxe5 18. fxe5 Ne4 19. Bxe4 dxe4 20. Qg3 Kh7 21. dxc5 bxc5 22. Rxc5 Rc8 23. Rxc8 Qxc8 24. Be7 Re8 25. Bd6 Qe6 26. b3 Rc8 27. Qf2 Kg8 28. h3 Rc3 29. Rd1 Bc6 30. Rd4 Rd3 31. Rc4 Bb5 32. Rc7 Rd1+ 33. Kh2 Rf1 34. Qg3 Kh7 35. Bf8 Qg6 36. Qxg6+ Kxg6 37. e6 Rf6 38. e7 Re6 39. g4 h5 40. gxh5+ Kxh5 41. Bxg7 Kg6 42. Bd4 f6 43. Kg3 1-0

[Event "36th European Club Cup 2021"]
[Site "Struga"]
[Date "2021.09.23"]
[Round "6.35"]
[White "Mai, Alexander Oliver"]
[Black "Huzman, Alexander"]
[Result "0-1"]
[ECO "B11"]
[WhiteElo "2042"]
[BlackElo "2547"]
[Annotator "ChessBase"]
[PlyCount "70"]
[EventDate "2021.09.18"]
[EventType "team-tourn"]
[EventCountry "MKD"]
[SourceTitle "playchess.com"]
[Source "ChessBase"]
[SourceQuality "1"]
[TimeControl "40/5400+30:1800+30"]

1. e4 c6 2. Nc3 d5 3. Nf3 Bg4 4. h3 Bxf3 5. Qxf3 e6 6. d4 Nf6 7. Be2 Be7 8. O-O dxe4 9. Qe3 Nbd7 10. Nxe4 Nxe4 11. Qxe4 Nf6 12. Qd3 O-O 13. Rd1 Qc7 14. c4 Rfd8 15. Be3 Rd7 16. Bf3 Rad8 17. Qb3 Qa5 18. Rac1 h6 19. Qc3 Bb4 20. Qc2 Bd6 21. a3 Qf5 22. Qxf5 exf5 23. d5 c5 24. Re1 Re7 25. Bd2 Ne4 26. Bxe4 fxe4 27. f3 Rde8 28. fxe4 Rxe4 29. Rxe4 Rxe4 30. Kf2 h5 31. Kf3 Rd4 32. Be3 Rd3 33. Ke4 Rb3 34. Rc2 f5+ 35. Kf3 f4 0-1

[Event "36th European Club Cup 2021"]
[Site "Struga"]
[Date "2021.09.23"]
[Round "6.36"]
[White "Steinberg, Nitzan"]
[Black "Jonsson, Gauti Pall"]
[Result "1/2-1/2"]
[ECO "B01"]
[WhiteElo "2537"]
[BlackElo "2053"]
[Annotator "ChessBase"]
[PlyCount "87"]
[EventDate "2021.09.18"]
[EventType "team-tourn"]
[EventCountry "MKD"]
[SourceTitle "playchess.com"]
[Source "ChessBase"]
[SourceQuality "1"]
[TimeControl "40/5400+30:1800+30"]

1. e4 d5 2. exd5 Qxd5 3. Nc3 Qd8 4. d4 Nf6 5. Nf3 Bg4 6. h3 Bxf3 7. Qxf3 c6 8. Be3 e6 9. O-O-O Bb4 10. Ne4 Nxe4 11. Qxe4 Qd5 12. Qxd5 cxd5 13. c4 dxc4 14. Bxc4 Nd7 15. Kb1 Rc8 16. Bb3 Ke7 17. a3 Bd6 18. Rhe1 Rhe8 19. d5 e5 20. Bxa7 b6 21. Ba4 Ra8 22. Bxd7 Kxd7 23. Bxb6 Reb8 24. Be3 Rxa3 25. g4 Rb5 26. Re2 Raa5 27. Red2 Bb4 28. Rd3 Kd6 29. Rb3 f6 30. f3 Bc5 31. Bxc5+ Rxc5 32. Rbd3 Rxd5 33. b4 Rxd3 34. Rxd3+ Rd5 35. Kc2 Rxd3 36. Kxd3 Kd5 37. h4 g6 38. h5 gxh5 39. gxh5 h6 40. Kc3 f5 41. Kd3 Kd6 42. Kc4 Kc6 43.
b5+ Kd6 44. b6 1/2-1/2

[Event "36th European Club Cup 2021"]
[Site "Struga"]
[Date "2021.09.23"]
[Round "6.38"]
[White "Godart, Francois"]
[Black "Christiansen, Johan-Sebastian"]
[Result "1/2-1/2"]
[ECO "E05"]
[WhiteElo "2407"]
[BlackElo "2609"]
[Annotator "ChessBase"]
[PlyCount "88"]
[EventDate "2021.09.18"]
[EventType "team-tourn"]
[EventCountry "MKD"]
[SourceTitle "playchess.com"]
[Source "ChessBase"]
[SourceQuality "1"]
[TimeControl "40/5400+30:1800+30"]

1. d4 d5 2. c4 e6 3. g3 Nf6 4. Bg2 Be7 5. Nf3 O-O 6. O-O dxc4 7. Ne5 Qd6 8.
Na3 Qa6 9. Naxc4 Rd8 10. e3 Nbd7 11. Qc2 Nxe5 12. Nxe5 c6 13.
Bd2 Nd5 14. Rfb1 f6 15. Nd3 e5 16. dxe5 Nxe3 17. Bxe3 Qxd3 18. Qxd3 Rxd3 19. exf6 Bxf6 20. Rd1 Rxd1+ 21. Rxd1 Be6 22. b4 a5 23. a3 axb4 24. axb4 Be7 25. Bc5 Bxc5 26. bxc5 Ra5 27. Rc1 g5 28. f4 gxf4 29. gxf4 Ra4 30. Rb1 Ra7 31. Kf2 Kg7 32. Ke3 Kf6 33. Be4 Ra3+ 34. Kd2 Bc8 35. Bxh7 Rh3 36. Be4 Rxh2+ 37. Ke3 Rh3+ 38. Kd4 Rh4 39. Ke3 Rh3+ 40. Kd4 Ra3 41. Rh1 Ra4+ 42. Ke3 Ra3+ 43. Kd4 Ra4+ 44. Ke3 Ra3+ 1/2-1/2

[Event "36th European Club Cup 2021"]
[Site "Struga"]
[Date "2021.09.23"]
[Round "6.39"]
[White "Urkedal, Frode Olav Olsen"]
[Black "Dishman, Stephen"]
[Result "1-0"]
[ECO "D15"]
[WhiteElo "2568"]
[BlackElo "2316"]
[Annotator "ChessBase"]
[PlyCount "119"]
[EventDate "2021.09.18"]
[EventType "team-tourn"]
[EventCountry "MKD"]
[SourceTitle "playchess.com"]
[Source "ChessBase"]
[SourceQuality "1"]
[TimeControl "40/5400+30:1800+30"]

1. d4 d5 2. c4 c6 3. Nf3 Nf6 4. e3 Bf5 5. Nc3 a6 6. Ne5 Nbd7 7. Qb3 Qc7 8.
cxd5 Nxe5 9. dxe5 Nxd5 10. Nxd5 cxd5 11. Bd2 Qxe5 12. Be2 Qd6 13. O-O e5 14. f4 Be7 15. fxe5 Qd7 16. Rxf5 Qxf5 17. Qxb7 Qc8 18. Bxa6 Qxb7 19. Bxb7 Rb8 20. Bc6+ Kf8 21.
Bc3 Bc5 22. Kf2 Ke7 23. Bxd5 Rhd8 24. Bc4 Rdc8 25. b3 Ba3 26. Ke2 Rc7 27. Rf1 Ke8 28. e6 f6 29. g4 Rc5 30. h4 h6 31.
Kd3 Ke7 32. Bd4 Ra5 33. Ke4 Kd6 34. Rd1 Ke7 35. Bc3 Ra7 36.
Rd5 Rc8 37. Bd4 Rac7 38. Kf5 Bd6 39. g5 hxg5 40. hxg5 g6+ 41. Ke4 f5+ 42. Kd3 Rc6 43. Bf6+ Kxe6 44. Ra5+ Rxc4 45. bxc4 f4 46. exf4 Bxf4 47. a4 Rc7 48. Kd4 Rc6 49. c5 Bh2 50. Kc4 Bg1 51. Rb5 Kf5 52. Kd5 Ra6 53. c6 Bh2 54. a5 Bc7 55. Bc3 Kxg5 56.
Ke6+ Kf4 57. Kd7 Ra7 58. Rb7 Rxb7 59. cxb7 Bb8 60. Kc8 1-0

[Event "36th European Club Cup 2021"]
[Site "Struga"]
[Date "2021.09.23"]
[Round "6.41"]
[White "Ranaldi, Lucas"]
[Black "Visintin, Roberto"]
[Result "1-0"]
[ECO "A13"]
[WhiteElo "2325"]
[BlackElo "2029"]
[Annotator "NA"]
[PlyCount "81"]
[EventDate "2021.09.18"]
[EventType "team-tourn"]
[EventCountry "MKD"]
[SourceTitle "playchess.com"]
[Source "ChessBase"]
[SourceQuality "1"]
[TimeControl "40/5400+30:1800+30"]

1. Nf3 e6 2. c4 d5 3. g3 dxc4 4. Qa4+ Nd7 5. Qxc4 a6 6. Bg2 b5 7. Qb3 Bb7 8. O-O Ngf6 9. Nc3 Be7 10. d3 O-O 11. a4 Nc5 12. Qc2 b4 13.
Nb1 Rb8 14. Be3 Ncd7 15. Nd4 c5 16. Nc6 Bxc6 17. Bxc6 Nd5 18. Bxd7 Qxd7 19. Nd2 Rfc8 20. Nb3 Qa7 21. Qc4 Nb6 22. Qe4 Nd5 23.
Rfc1 Nxe3 24. Qxe3 Rc7 25. Rc4 Rbc8 26. Rac1 h6 27. h4 Qb6 28. Qf3 Qd6 29. Nd2 Qd5 30. b3 Bf6 31. Ne4 Be7 32. Kg2 Rc6 33.
d4 Kf8 34. Nxc5 Bxc5 35. Qxd5 exd5 36. Rxc5 Rxc5 37. Rxc5 Rd8 38. Rc6 Ra8 39. Rb6 Ke7 40. Rxb4 Rc8 41. Rb7+ 1-0

[Event "36th European Club Cup 2021"]
[Site "Struga"]
[Date "2021.09.23"]
[Round "6.42"]
[White "Stern, Geoffrey"]
[Black "Hagen, Anders Gjerdrum"]
[Result "0-1"]
[ECO "D00"]
[WhiteElo "1948"]
[BlackElo "2179"]
[Annotator "NA"]
[PlyCount "82"]
[EventDate "2021.09.18"]
[EventType "team-tourn"]
[EventCountry "MKD"]
[SourceTitle "playchess.com"]
[Source "ChessBase"]
[SourceQuality "1"]
[TimeControl "40/5400+30:1800+30"]

1. d4 Nf6 2. Nc3 d5 3. Bf4 a6 4. e3 e6 5. g4 Bd6 6. g5 Ng8 7. Nf3 Ne7 8. h4 Bxf4 9. exf4 c5 10. Bh3 Nbc6 11. Qd2 cxd4 12. Nxd4 Qb6 13. O-O-O Nxd4 14. Qxd4 Qxd4 15. Rxd4 h6 16.
Bg2 Bd7 17. Ne2 Rc8 18. Ng3 Nc6 19. Rd2 Ne7 20. Re1 g6 21.
b3 Kf8 22. Kb2 hxg5 23. hxg5 Rh4 24. Ne2 Bb5 25. Rh1 Rxh1 26. Bxh1 Bxe2 27. Rxe2 b5 28. c3 Nf5 29. a3 Kg7 30. Bf3 Rh8 31. Bg4 Nd6 32. Kc2 a5 33. Kd3 Rc8 34. Rc2 a4 35. Rb2 Ne4 36. bxa4 Rxc3+ 37. Ke2 bxa4 38. f3 Nd6 39. Rb6 Nc4 40. Rb7 Rxa3 41. Ke1 Rb3 0-1

[Event "36th European Club Cup 2021"]
[Site "Struga"]
[Date "2021.09.23"]
[Round "6.43"]
[White "Heimann, Andreas"]
[Black "Westerberg, Jonathan"]
[Result "1-0"]
[ECO "B60"]
[WhiteElo "2587"]
[BlackElo "2526"]
[Annotator "ChessBase"]
[PlyCount "63"]
[EventDate "2021.09.18"]
[EventType "team-tourn"]
[EventCountry "MKD"]
[SourceTitle "playchess.com"]
[Source "ChessBase"]
[SourceQuality "1"]
[TimeControl "40/5400+30:1800+30"]

1. e4 c5 2. Nf3 Nc6 3. d4 cxd4 4. Nxd4 Nf6 5. Nc3 d6 6. Bg5 g6 7. Bxf6 exf6 8. Bb5 Bd7 9. Qd2 Bg7 10. O-O-O O-O 11. Nxc6 Bxc6 12. Bxc6 bxc6 13. Qxd6 Qa5 14. Qxc6 Qg5+ 15. Kb1 Rfc8 16. Qd5 Qxg2 17. Qd4 f5 18. e5 Qc6 19. Rhe1 Rab8 20. Rd3 Bf8 21. Re2 Rb4 22. Qd5 Qb6 23. b3 Rbc4 24. e6 Rxc3 25. Rxc3 Rxc3 26. e7 Bxe7 27. Rxe7 Qf6 28. Rxa7 Rh3 29. Ra8+ Kg7 30. Qd8 Qe6 31. Qf8+ Kf6 32. f4 1-0

[Event "36th European Club Cup 2021"]
[Site "Struga"]
[Date "2021.09.23"]
[Round "6.44"]
[White "Seo, Jung Min"]
[Black "Cvitan, Ognjen"]
[Result "1/2-1/2"]
[ECO "D38"]
[WhiteElo "2469"]
[BlackElo "2470"]
[Annotator "ChessBase"]
[PlyCount "67"]
[EventDate "2021.09.18"]
[EventType "team-tourn"]
[EventCountry "MKD"]
[SourceTitle "playchess.com"]
[Source "ChessBase"]
[SourceQuality "1"]
[TimeControl "40/5400+30:1800+30"]

1. d4 Nf6 2. c4 e6 3. Nf3 d5 4. Nc3 Bb4 5. Bg5 h6 6. Bxf6 Qxf6 7. Qa4+ Nc6 8.
e3 O-O 9. Rc1 Rd8 10. Be2 dxc4 11. Bxc4 Bd7 12. Qc2 Na5 13. Be2 c5 14. a3 cxd4 15. axb4 dxc3 16. bxc3 Nc6 17. O-O a6 18. Rfd1 e5 19. Nd2 Bf5 20. e4 Be6 21. Nc4 Rac8 22. Rxd8+ Qxd8 23. Qb2 Qc7 24. Rc2 a5 25. bxa5 Nxa5 26. Nxa5 Qxa5 27. Rc1 b6 28. h3 Qc5 29. Bf1 Rc6 30. Rc2 Rc8 31. Rc1 Ra8 32. Rb1 Ra2 33. Qxb6 Qxc3 34. Qb4 1/2-1/2

[Event "36th European Club Cup 2021"]
[Site "Struga"]
[Date "2021.09.23"]
[Round "6.45"]
[White "Breder, Dennis"]
[Black "Lokander, Martin"]
[Result "1/2-1/2"]
[ECO "B31"]
[WhiteElo "2463"]
[BlackElo "2452"]
[Annotator "ChessBase"]
[PlyCount "160"]
[EventDate "2021.09.18"]
[EventType "team-tourn"]
[EventCountry "MKD"]
[SourceTitle "playchess.com"]
[Source "ChessBase"]
[SourceQuality "1"]
[TimeControl "40/5400+30:1800+30"]

1. e4 c5 2. Nf3 Nc6 3. Bb5 g6 4. O-O Bg7 5. d3 e5 6. Bxc6 bxc6 7. c3 Ne7 8. Be3 d6 9. d4 cxd4 10. cxd4 Bg4 11. dxe5 Bxe5 12. Nc3 f5 13. Bd4 Bxf3 14. gxf3 Bxd4 15. Qxd4 O-O 16. Rad1 fxe4 17. fxe4 d5 18. exd5 Nxd5 19. Nxd5 Qg5+ 20. Kh1 cxd5 21. Qxd5+ Qxd5+ 22. Rxd5 Rab8 23. Rd2 Rb5 24. Rc1 Rf7 25. Rc3 Kg7 26. Rcd3 Rbf5 27. Kg2 Kh6 28. b3 Rg5+ 29. Kf1 Rgf5 30. h3 Rf4 31. Kg2 R4f5 32. Rd5 Rf4 33. Ra5 Kg7 34. a3 Kh6 35. b4 Kg7 36. Rc2 Kh6 37. Rac5 Rf3 38.
R5c3 R3f5 39. a4 Rg5+ 40. Rg3 Rgf5 41. Rg4 Kg7 42. Rgc4 Kh6 43. b5 Rg5+ 44. Kf1 Rgf5 45. Rc8 Rf4 46. R8c4 R4f5 47. Rb2 Rh5 48. Kg2 Rg5+ 49. Rg4 Rgf5 50. Rh4+ Kg5 51. Rc4 Kh6 52. a5 Rb7 53. a6 Rbxb5 54. Rxb5 Rxb5 55. Rc7 Ra5 56. Rxa7 g5 57. Kf3 Ra4 58. Ke3 Kg6 59. Kd3 Kf5 60. Kc3 Ke4 61. Kb3 Ra1 62. Kb4 h5 63. Kb5 Rb1+ 64. Kc6 Rc1+ 65. Kb6 Rb1+ 66. Kc7 Kf3 67. Ra8 Ra1 68. Kb7 Rb1+ 69. Kc6 Rc1+ 70. Kd5 Ra1 71. a7 Kg2 72. f4 Ra5+ 73. Ke4 Ra4+ 74. Kd3 Ra3+ 75. Kc2 g4 76. hxg4 h4 77. Rh8 Rxa7 78. Rxh4 Kg3 79. Rh6 Kxf4 80. g5 Kxg5 1/2-1/2

[Event "36th European Club Cup 2021"]
[Site "Struga"]
[Date "2021.09.23"]
[Round "6.46"]
[White "Ertan, Can"]
[Black "Brunner, Nicolas"]
[Result "1-0"]
[ECO "B51"]
[WhiteElo "2384"]
[BlackElo "2425"]
[Annotator "NA"]
[PlyCount "51"]
[EventDate "2021.09.18"]
[EventType "team-tourn"]
[EventCountry "MKD"]
[SourceTitle "playchess.com"]
[Source "ChessBase"]
[SourceQuality "1"]
[TimeControl "40/5400+30:1800+30"]

1. e4 c5 2. Nf3 d6 3. Bb5+ Nd7 4. O-O a6 5. Bd3 Ngf6 6. c3 b5 7. Bc2 Bb7 8. Re1 c4 9. a4 e6 10. d4 cxd3 11. Bxd3 bxa4 12. Qxa4 Be7 13. h3 O-O 14. Be3 Qc7 15. Nbd2 d5 16. e5 Ne8 17. Nb3 Nxe5 18. Nxe5 Qxe5 19. Bf4 Qf6 20. Be5 Qg5 21. Qd7 Ra7 22. Bd4 Nd6 23. Re5 f5 24. Qxe6+ Rf7 25. Bxa7 Bc8 26. Be3 1-0

[Event "36th European Club Cup 2021"]
[Site "Struga"]
[Date "2021.09.23"]
[Round "6.47"]
[White "Haag, Gregor"]
[Black "Arman, Deniz"]
[Result "1/2-1/2"]
[ECO "E60"]
[WhiteElo "2370"]
[BlackElo "2336"]
[Annotator "NA"]
[PlyCount "94"]
[EventDate "2021.09.18"]
[EventType "team-tourn"]
[EventCountry "MKD"]
[SourceTitle "playchess.com"]
[Source "ChessBase"]
[SourceQuality "1"]
[TimeControl "40/5400+30:1800+30"]

1. d4 Nf6 2. c4 g6 3. h4 c5 4. d5 b5 5. cxb5 a6 6. e3 Bg7 7. Nc3 O-O 8. a4 Bb7 9. h5 Nxh5 10. g4 Nf6 11. e4 d6 12. g5 Nfd7 13. Qg4 Re8 14. Qh3 Nf8 15.
Bc4 Nbd7 16. Ra3 axb5 17. Bxb5 e6 18. dxe6 Rxe6 19. Nge2 Rxe4 20. Nxe4 Bxe4 21. O-O Ne6 22. Qg3 Be5 23. f4 Bh8 24. Rd1 Ndf8 25. Re3 Bb7 26. f5 Nxg5 27. Rxd6 Qb8 28. Re8 Nf3+ 29. Kf2 Be5 30. Qxe5 Nxe5 31. Rxb8 Rxb8 32. Bf4 f6 33. Rxf6 Ng4+ 34. Ke1 Nxf6 35. Bxb8 gxf5 36. Nf4 Kf7 37. a5 Ke7 38. a6 Ba8 39. Bd3 Kd7 40. Bxf5+ Kc6 41. Nd3 Kb6 42. Bc8 N8d7 43. Bh2 Bc6 44. Bg1 Kc7 45. Bxd7 Nxd7 46. Nxc5 Nxc5 47. Bxc5 Bb5 1/2-1/2

[Event "36th European Club Cup 2021"]
[Site "Struga"]
[Date "2021.09.23"]
[Round "6.48"]
[White "Thorn, Eric"]
[Black "Heinz, Timothee"]
[Result "1/2-1/2"]
[ECO "D41"]
[WhiteElo "2292"]
[BlackElo "2394"]
[Annotator "NA"]
[PlyCount "59"]
[EventDate "2021.09.18"]
[EventType "team-tourn"]
[EventCountry "MKD"]
[SourceTitle "playchess.com"]
[Source "ChessBase"]
[SourceQuality "1"]
[TimeControl "40/5400+30:1800+30"]

1. d4 d5 2. c4 e6 3. Nc3 Nf6 4. Nf3 c5 5. cxd5 Nxd5 6. g3 cxd4 7. Nxd5 Qxd5 8.
Qxd4 Qb5 9. e4 Qb4+ 10. Bd2 Nc6 11. Qxb4 Bxb4 12. Bb5 Bd7 13. Bxc6 Bxd2+ 14. Kxd2 Bxc6 15. Ke3 Ke7 16. Rhc1 Rhc8 17. Rc3 f6 18. Nd4 Bd7 19. Rac1 e5 20. Nf5+ Bxf5 21. exf5 Rxc3+ 22. Rxc3 Kd6 23. Rd3+ Kc6 24. Rc3+ Kd6 25. g4 a5 26. Rd3+ Kc6 27. Rc3+ Kd6 28. Rd3+ Kc6 29. Rc3+ Kd6 30. Ke4 1/2-1/2

[Event "36th European Club Cup 2021"]
[Site "Struga"]
[Date "2021.09.23"]
[Round "6.49"]
[White "Nevednichy, Vladislav"]
[Black "Gukesh D"]
[Result "0-1"]
[ECO "B31"]
[WhiteElo "2498"]
[BlackElo "2599"]
[Annotator "ChessBase"]
[PlyCount "72"]
[EventDate "2021.09.18"]
[EventType "team-tourn"]
[EventCountry "MKD"]
[SourceTitle "playchess.com"]
[Source "ChessBase"]
[SourceQuality "1"]
[TimeControl "40/5400+30:1800+30"]

1. e4 c5 2. Nf3 Nc6 3. Bb5 g6 4. Bxc6 dxc6 5. d3 Bg7 6.
O-O Nf6 7. a4 a5 8. h3 O-O 9. Na3 Nd7 10. c3 b6 11. Bg5 h6 12. Be3 Ba6 13.
Qd2 Kh7 14. Rfe1 e5 15. Rad1 f5 16. exf5 gxf5 17. d4 cxd4 18. cxd4 e4 19. Ne5 Nxe5 20. dxe5 Bxe5 21. Qc1 Qc7 22. Nc4 Bxc4 23. Qxc4 Rae8 24. Rd2 Re7 25. Red1 Rg8 26. Kf1 Rg6 27. Qb3 f4 28. Bxb6 Qb7 29. Qc2 f3 30. g4 Qa6+ 31. Kg1 Qxb6 32. Rd7 Qb4 33. Qd2 Rgg7 34. Rxe7 Rxe7 35. Qd8 Bg7 36. Qc8 Qc5 0-1